 Dungeon Crawl Stone Soup version 0.17-a0-1409-ge6d9485 (webtiles) character file.

2470 bal the Covert (level 9, -5/46 HPs)
             Began as a Vine Stalker Assassin on June 22, 2015.
             Was an Elder of Makhleb.
             Slain by a sixfirhy (7 damage)
             ... on level 1 of the Abyss.
             The game lasted 00:26:38 (6278 turns).

bal the Covert (Vine Stalker Assassin)              Turns: 6278, Time: 00:26:40

Health: -5/46      AC: 20    Str: 16    XL:     9   Next: 51%
Magic:  0/10       EV:  9    Int: 18    God:    Makhleb [****..]
Gold:   289        SH:  0    Dex: 16    Spells: 1 memorised, 5 levels left

rFire  . . .     SeeInvis .     b - +0 blowgun
rCold  . . .     Clarity  .     t - +7 chain mail of the Oligarchy {Int+6}
rNeg   + . .     SustAt   .     (no shield)
rPois  +         Gourm    .     q - +0 helmet
rElec  .         Spirit   +     d - +0 cloak
rCorr  .         Warding  +     z - +1 pair of gloves
rMut   .         Stasis   .     (no boots)
MR     +....                    x - amulet of warding
Stlth  +.........               (no ring)
                                u - ring of poison resistance

@: somewhat resistant to hostile enchantments, very unstealthy
A: fangs 3, regeneration 2, wild magic 1, magic shield, antimagic bite, no
device heal 3, rot immunity
a: Minor Destruction, Lesser Servant of Makhleb, Major Destruction, Renounce
Religion


You were on level 1 of the Abyss.
You worshipped Makhleb.
Makhleb was greatly pleased with you.
You were not hungry.

You visited 1 branch of the dungeon, and saw 8 of its levels.
You visited the Abyss 1 time.

You collected 289 gold pieces.

Inventory:

Hand weapons
 a - a +3 dagger
 b - a +0 blowgun (weapon)
 f - a +2 spear of flaming
 l - a +0 whip of flaming
Missiles
 e - 2 curare-tipped needles
 v - 14 poisoned needles (quivered)
 A - 2 needles of slowing
 C - 3 tomahawks
 D - 2 needles of confusion
Armour
 d - a +0 cloak (worn)
 p - the +1 scale mail "Amuoshet" {rElec}
   (You found it on level 8 of the Dungeon)

   It insulates you from electricity.
 q - a +0 helmet (worn)
 t - the +7 chain mail of the Oligarchy (worn) {Int+6}
   (You took it off a gnoll sergeant on level 6 of the Dungeon)

   It affects your intelligence (+6).
 y - a +3 leather armour
 z - a +1 pair of gloves (worn)
 E - a +4 chain mail of cold resistance
Jewellery
 u - a ring of poison resistance (left hand)
 x - an amulet of warding (around neck)
Magical devices
 n - a wand of confusion (23)
Scrolls
 c - 2 scrolls of blinking
 h - 5 scrolls of identify
 k - 7 scrolls of remove curse
 w - a scroll of enchant armour
Potions
 m - 5 potions of curing
 B - a potion of lignification
Books
 i - a book of Envenomations

   Spells                             Type                      Level
   a - Spider Form                    Transmutation/Poison         3
   b - Alistair's Intoxication        Transmutation/Poison         4
   c - Olgreb's Toxic Radiance        Poison                       4
   d - Poisonous Cloud                Conjuration/Poison/Air       6
 F - a book of Conjurations

   Spells                             Type                      Level
   a - Magic Dart                     Conjuration                  1
   b - Searing Ray                    Conjuration                  2
   c - Dazzling Spray                 Conjuration/Hexes            3
   d - Fulminant Prism                Conjuration/Hexes            4
   e - Iskenderun's Mystic Blast      Conjuration                  4
   f - Iskenderun's Battlesphere      Conjuration/Charms           5
Comestibles
 g - 5 bread rations
 j - a beef jerky
 o - 2 meat rations
 r - a royal jelly


   Skills:
 + Level 4.7 Fighting
 + Level 4.3 Short Blades
 + Level 0.6 Maces & Flails
 + Level 3.6 Throwing
 + Level 2.6 Armour
 + Level 6.4 Dodging
 + Level 8.2 Stealth
 + Level 0.6 Invocations
 + Level 0.3 Evocations


You had 5 spell levels left.
You knew the following spells:

 Your Spells              Type           Power        Failure   Level  Hunger
a - Spider Form           Trmt/Pois      #.........   100%        3    ####...


Dungeon Overview and Level Annotations

Branches:
Dungeon (8/15)             Temple (0/1) D:5
   Lair: D:8-11

Altars:
Fedhas
Kikubaaqudgha
Makhleb
Qazlal
Vehumet
Xom
The Shining One

Shops:
D:5 (

Annotations:
D:3 wvc's ghost, average DrWn
D:7 4thArraOfDagon's ghost, experienced HEHu
D:8 Psyche


Innate Abilities, Weirdness & Mutations

You have razor-sharp teeth.
You heal very quickly.
When hurt, damage is shared between your health and your magic reserves.
Your bite disrupts and absorbs the magic of your enemies.
Potions and wands cannot restore your health.
You are immune to rotting.
Your spells are a little harder to cast, but a little more powerful.


Message History

The sixfirhy closely misses you.
The sixfirhy hits you but does no damage.
The sixfirhy hits you. The sixfirhy shocks you! The sixfirhy barely misses you.
The sixfirhy hits you. The sixfirhy shocks you!
Found an encrusted glass ring.
The sixfirhy hits you but does no damage.
The sixfirhy hits you. The sixfirhy shocks you!
* * * LOW HITPOINT WARNING * * *
You see here an encrusted glass ring.
Use which ability? (? or * to list)
A demon appears!
It doesn't seem very happy.
You feel slightly more hungry.
Use which ability? (? or * to list)
You fail to use your ability.
The sixfirhy hits you but does no damage.
The sixfirhy hits you!
* * * LOW HITPOINT WARNING * * *
The sixfirhy shocks you!
You die...

# # .. ###. .#
... .# . . # #
.. #. ## #.#.
### # #.
..##.####.# .##
###.#.#.4#..# .
# # .##x.##@# .
.#####. ..##
##3.# .
#...#....# #....
#.##.#.#.#x#...#
..#.# #..##...##
.#.# ...# #.
##.. . #.# ..#.
# .##.#.#..###
.# .
###.###.#.## .#
# ...##..##.


You could see a sixfirhy and a ynoxinul.

Vanquished Creatures
  Pikel (D:4)
  The ghost of wvc the Cudgeler, an average DrWn of Cheibriados (D:6)
  Menkaure (D:4)
  3 slaves (D:4)
  An ogre (D:6)
  2 giant frogs (D:6)
  A gnoll sergeant (D:6)
  3 scorpions
  3 wights (D:7)
  The ghost of urechis the Poker, a weakling MfSk (D:4)
  4 hounds
  A centaur zombie (D:6)
  An iguana (D:8)
  An orc priest (D:5)
  Ijyb (D:2)
  2 giant frog skeletons
  A centaur skeleton (D:5)
  7 worker ants
  A gnoll shaman (D:4)
  7 orc wizards
  11 gnolls
  A worker ant zombie (D:8)
  10 adders
  A shadow imp (D:8)
  An ooze (D:6)
  3 worms
  2 giant geckos
  20 orcs
  A bat zombie (D:7)
  5 giant cockroaches
  10 hobgoblins
  13 jackals
  10 kobolds
  6 quokkas
  2 ball pythons
  9 bats
  4 giant newts
  10 goblins
  9 rats
171 creatures vanquished.

Vanquished Creatures (collateral kills)
  An orc warrior (D:8)
  3 killer bees (D:8)
  An iguana (D:8)
5 creatures vanquished.

Vanquished Creatures (others)
  An adder (D:5)
1 creature vanquished.

Grand Total: 177 creatures vanquished

Notes
Turn   | Place    | Note
--------------------------------------------------------------
     0 | D:1      | bal the Vine Stalker Assassin began the quest for the Orb.
     0 | D:1      | Reached XP level 1. HP: 11/11 MP: 2/2
    61 | D:1      | Reached skill level 5 in Stealth
    69 | D:1      | Reached XP level 2. HP: 13/15 MP: 3/3
   166 | D:1      | Reached skill level 1 in Dodging
   228 | D:1      | Found a glowing golden altar of the Shining One.
   477 | D:1      | Reached XP level 3. HP: 18/18 MP: 4/4
   563 | D:2      | Found a burning altar of Makhleb.
   591 | D:2      | Became a worshipper of Makhleb the Destroyer
   688 | D:2      | Noticed Ijyb
   713 | D:2      | Killed Ijyb
   713 | D:2      | Reached XP level 4. HP: 21/23 MP: 5/5
  1516 | D:3      | Noticed wvc's ghost (average DrWn)
  1696 | D:3      | Reached XP level 5. HP: 25/27 MP: 6/6
  1725 | D:3      | Acquired Makhleb's first power
  1729 | D:3      | Found a blossoming altar of Fedhas.
  1742 | D:3      | Reached skill level 6 in Stealth
  1796 | D:4      | Noticed urechis's ghost (weakling MfSk)
  1821 | D:4      | Killed urechis's ghost
  1877 | D:4      | Noticed a slave
  1879 | D:4      | Noticed a slave
  1882 | D:4      | Noticed a slave
  1915 | D:4      | Noticed Menkaure
  1969 | D:4      | Killed a slave
  1973 | D:4      | Killed a slave
  1979 | D:4      | Killed a slave
  2056 | D:4      | Killed Menkaure
  2056 | D:4      | Gained mutation: You heal very quickly. [Vine Stalker growth]
  2056 | D:4      | Reached XP level 6. HP: 9/32 MP: 7/7
  2097 | D:4      | Noticed Pikel
  2102 | D:4      | Noticed a slave
  2120 | D:4      | Killed Pikel
  2120 | D:4      | Reached XP level 7. HP: 36/36 MP: 8/8
  2199 | D:4      | Acquired Makhleb's second power
  2243 | D:4      | Found a glowing golden altar of the Shining One.
  2251 | D:4      | Found a shimmering altar of Xom.
  2309 | D:4      | Found a shimmering altar of Xom.
  2503 | D:4      | Gained mutation: You have razor-sharp teeth. [Vine Stalker growth]
  2503 | D:4      | Reached XP level 8. HP: 41/41 MP: 9/9
  2916 | D:4      | Reached skill level 5 in Dodging
  3079 | D:5      | Entered Level 5 of the Dungeon
  3126 | D:5      | Reached skill level 7 in Stealth
  3538 | D:3      | Acquired Makhleb's third power
  3707 | D:5      | Found a stormy altar of Qazlal.
  3784 | D:5      | Found Ismaxt's Weapon Boutique.
  3805 | D:5      | Found a staircase to the Ecumenical Temple.
  4230 | D:5      | Found an ancient bone altar of Kikubaaqudgha.
  4483 | D:6      | Learned a level 3 spell: Spider Form
  4542 | D:6      | Found a radiant altar of Vehumet.
  4644 | D:6      | Gained mutation: Your spells are a little harder to cast, but a little more powerful. [potion of beneficial mutation]
  4653 | D:6      | Reached skill level 1 in Armour
  4699 | D:6      | Killed wvc's ghost
  4699 | D:6      | Acquired Makhleb's fourth power
  4709 | D:6      | Reached skill level 8 in Stealth
  4738 | D:6      | Reached XP level 9. HP: 43/45 MP: 10/10
  4863 | D:6      | Got a faintly glowing chain mail
  4890 | D:6      | Identified the +7 chain mail of the Oligarchy {Int+6} (You took it off a gnoll sergeant on level 6 of the Dungeon)
  5722 | D:7      | Noticed 4thArraOfDagon's ghost (experienced HEHu)
  5981 | D:8      | Got a steaming scale mail
  5982 | D:8      | Identified the +1 scale mail "Amuoshet" {rElec} (You found it on level 8 of the Dungeon)
  6127 | D:8      | Noticed Psyche
  6139 | D:8      | Cast into the Abyss (Psyche)
  6188 | Abyss:1  | Noticed a large abomination
  6261 | Abyss:1  | Noticed a cacodemon
  6267 | Abyss:1  | Noticed a sixfirhy
  6278 | Abyss:1  | HP: 2/46 [sixfirhy (6)]
  6278 | Abyss:1  | Slain by a sixfirhy

Vault maps used:
D:1:      lightli_arrival_flooded_house, tso_altar
D:2:      lemuel_crystal_altar, roderic_lattice_a, uniq_iyjb
D:3:      fedhas_altar_3
D:4:      corexii_shack_village, lemuel_crystal_altar, old_standard_altar,
          xom_teletrap_fun, uniq_pikel, uniq_menkaure
D:5:      kennysheep_mini_moat, grunt_qazlal_sundering, temple_statues,
          serial_shops, nicolae_shop_behind_doors, first_bread,
          lemuel_old_faithful
D:6:      overflow_temple_1_default
D:7:      cheibrodos_ashenzari_chains, basic_altar, the_bakery
D:8:      old_standard_altar, uniq_psyche

Action                   |  1- 3 |  4- 6 |  7- 9 || total
-------------------------+-------+-------+-------++-------
Melee: Dagger            |    68 |    97 |   413 ||   578
       Whip              |       |       |    29 ||    29
 Fire: Blowgun           |     7 |    18 |    22 ||    47
Throw: Tomahawk          |       |       |     6 ||     6
Invok: Lesser Servant of |       |       |     3 ||     3
Evoke: Wand              |       |       |     5 ||     5
  Use: Potion            |       |     8 |     6 ||    14
       Scroll            |       |     7 |    10 ||    17
 Stab: Sleeping          |     6 |     4 |    17 ||    27
       Distracted        |     1 |     2 |     2 ||     5
  Eat: Meat ration       |       |     1 |     1 ||     2
       Fruit             |       |       |     7 ||     7
       Chunk             |       |       |     2 ||     2
       Pizza             |       |       |     1 ||     1
